 Dungeon Crawl Stone Soup version 0.32-a0-961-gd60f5e5fc7 (webtiles) character file.

Game seed: 4963849504531402091

160698 jasper the Wrestler (level 16, -3/163 HPs)
             Began as a Troll Fighter on Apr 17, 2024.
             Was a High Priest of Wu Jian.
             Slain by a swamp dragon (14 damage)
             ... on level 4 of the Swamp.
             The game lasted 00:39:39 (21897 turns).

jasper the Wrestler (Troll Fighter)                Turns: 21897, Time: 00:39:39

Health: -3/163     AC: 16    Str: 30    XL:     16   Next: 99%
Magic:  24/24      EV: 11    Int:  7    God:    Wu Jian [*****.]
Gold:   1179       SH: 21    Dex: 13    Spells: 15/15 levels left

rFire   . .          .
                       - Unarmed
rCold   . . .        B - +3 tower shield {AC+3}
rNeg    + + .        g - +0 swamp dragon scales
rPois   +            u - +1 hat
rElec   .            x - +2 cloak
rCorr   +            (gloves unavailable)
SInv    .            (boots unavailable)
Will    +++++        O - amulet of the Four Winds {rN+ Will+++ Clar}
Stlth   +            k - ring of resist corrosion
HPRegen 1.27/turn    r - ring "Osifa" {rN+ Will+ MP+9 Int+3}
MPRegen 0.19/turn

%: clarity
@: exhausted, studying Throwing
A: large, unfitting armour, claws 3, regeneration 1, shaggy fur 1, tough skin 1
a: Renounce Religion, Wall Jump, Serpent's Lash, Heavenly Storm


You were on level 4 of the Swamp.
You worshipped Wu Jian.
Wu Jian was extremely pleased with you.
You visited 5 branches of the dungeon, and saw 27 of its levels.
You visited 2 bazaars.
You also visited: Bailey and Ice Cave.

You collected 2591 gold pieces.
You spent 1412 gold pieces at shops.

Inventory:

Missiles
 l - 30 boomerangs
 D - 3 throwing nets
 R - a curare-tipped dart
Armour
 g - +0 swamp dragon scales (worn)
 u - a +1 hat (worn)
 x - a +2 cloak (worn)
 B - a +3 tower shield of protection (worn)
 Z - +0 pearl dragon scales
Jewellery
 a - a ring of protection from fire
 k - a ring of resist corrosion (left claw)
 o - a ring of ice
 r - the ring "Osifa" (right claw) {rN+ Will+ MP+9 Int+3}
   (You found it on level 4 of the Dungeon)

   [ring of magical power]

   Int+3:     It affects your intelligence (+3).
   rN+:       It protects you from negative energy.
   Will+:     It increases your willpower.
   MP+9:      It affects your magic capacity (+9).
 A - a ring of see invisible
 L - an amulet of reflection
 O - the amulet of the Four Winds (around neck) {rN+ Will+++ Clar}
   (You found it on level 11 of the Dungeon)

   [amulet of nothing]

   rN+:       It protects you from negative energy.
   Will+++:   It greatly increases your willpower.
   Clar:      It protects you from confusion, rage, mesmerisation and fear.
 X - a ring of protection from fire
Talismans
 S - a talisman of death
Wands
 i - a wand of flame (19)
 t - a wand of polymorph (17)
 v - a wand of mindburst (12)
 w - a wand of iceblast (15)
 y - a wand of paralysis (59)
 V - a wand of light (16)
Scrolls
 b - a scroll of fog
 e - 16 scrolls of identify
 j - a scroll of revelation
 E - 5 scrolls of vulnerability
 G - a scroll of torment
 H - a scroll of poison
 K - 9 scrolls of teleportation
 M - 7 scrolls of fear
 P - a scroll of immolation
 U - a scroll of brand weapon
Potions
 c - 6 potions of mutation
 d - 4 potions of ambrosia
 f - 13 potions of curing
 h - 3 potions of degeneration
 m - 4 potions of resistance
 p - 2 potions of enlightenment
 q - 4 potions of brilliance
 s - 2 potions of might
 z - a potion of berserk rage
 C - 4 potions of heal wounds
 F - 2 potions of lignification
 I - a potion of invisibility
 J - 6 potions of attraction
 N - 4 potions of haste
 W - 3 potions of cancellation
Miscellaneous
 n - a tin of tremorstones (inert)
 Q - a lightning rod (1/4)
 T - a phial of floods
 Y - a phantom mirror


   Skills:
 + Level 11.4 Fighting
 - Level 10.0 Dodging
 + Level 14.7 Shields
 * Level 22.2 Unarmed Combat


You had 15 spell levels left.
You didn't know any spells.
Your spell library contained the following spells:

 Spells                   Type           Power      Damage    Failure   Level
 Magic Dart               Conj           0%         1d3       82%         1
 Summon Small Mammal      Summ           0%         N/A       82%         1
 Lesser Beckoning         Tloc           0%         N/A       91%         2
 Searing Ray              Conj           0%         2d4       91%         2
 Static Discharge         Conj/Air       0%         3-3/arc   91%         2
 Call Canine Familiar     Summ           0%         N/A       99%         3
 Frozen Ramparts          Ice            0%         1d1       99%         3
 Inner Flame              Hex/Fire       0%         N/A       99%         3
 Maxwell's Portable Pile  Tloc           0%         2d(5-13)  99%         3
 Ozocubu's Armour         Ice            0%         N/A       99%         3
 Sigil of Binding         Hex            0%         N/A       99%         3
 Teleport Other           Tloc           0%         N/A       99%         3
 Tukima's Dance           Hex            0%         N/A       99%         3
 Volatile Blastmotes      Fire/Tloc      0%         2d10      99%         3
 Airstrike                Air            0%         2d(0-16)  100%        4
 Dimensional Bullseye     Hex/Tloc       0%         N/A       100%        4
 Flame Wave               Conj/Fire      0%         2d4       100%        4
 Fulminant Prism          Conj/Alch      0%         3d5       100%        4
 Iskenderun's Mystic Bla Conj/Tloc 0%             2d3        (+2d1     100%        4
 Leda's Liquefaction      Alch/Erth      0%         N/A       100%        4
 Passage of Golubria      Tloc           0%         N/A       100%        4
 Sticky Flame             Fire/Alch      0%         2d4       100%        4
 Summon Blazeheart Golem  Fire/Summ      0%         N/A       100%        4
 Summon Lightning Spire   Summ/Air       0%         N/A       100%        4
 Vhi's Electric Charge    Tloc/Air       0%         N/A       100%        4
 Arcjolt                  Conj/Air       0%         1d10      100%        5
 Lee's Rapid Deconstruct  Erth           0%         3d4*      100%        5
 Metabolic Englaciation   Hex/Ice        0%         N/A       100%        5
 Yara's Violent Unravell  Hex/Alch       0%         3d3       100%        5
 Gell's Gavotte           Tloc           0%         2d(11-16) 100%        6
 Permafrost Eruption      Ice/Erth       0%         2x4d1     100%        6
 Plasma Beam              Fire/Air       0%         2x1d10    100%        6
 Sculpt Simulacrum        Ice/Alch       0%         N/A       100%        6
 Ozocubu's Refrigeration  Ice            0%         4d7       100%        7
 Polar Vortex             Ice            0%         N/A       100%        9


Dungeon Overview and Level Annotations

Branches:
Dungeon (15/15)            Temple (1/1) D:5            Lair (5/5) D:9
  Swamp (4/4) Lair:2       Spider (0/4) Lair:3        Slime (0/5) Lair:5
    Orc (2/2) D:9             Elf (0/3) Orc:2        Vaults (0/5) D:14
 Depths (0/4) D:15         Bailey (visited)           IceCv (visited)

Altars:
Ashenzari
Cheibriados
Dithmenos
Elyvilon
Fedhas
Gozag
Hepliaklqana
Kikubaaqudgha
Makhleb
Nemelex Xobeh
Okawaru
Qazlal
Ru
Sif Muna
Trog
Uskayaw
Vehumet
Wu Jian
Xom
Yredelemnul
Zin
The Shining One
Beogh
Jiyva

Shops:
D:15 **   Orc:2 [(:

Portals:
Trove: D:10 (give 7 scrolls of fear)

Annotations:
D:11 2 runed translucent doors
D:12 Daunt's ghost, journeyman CoEE
Lair:3 exclusion: oklob plant
Lair:5 1 runed translucent door, adelrune's ghost, journeyman SpEn


Innate Abilities, Weirdness & Mutations

You are too large for most types of armour.
You have claws for hands.
Your natural rate of healing is unusually fast.
You are covered in fur. (AC +1)
You have tough skin. (AC +1)


Message History

* * * LOW HITPOINT WARNING * * *
The four-headed hydra bites you but does no damage.
You block the four-headed hydra's attack. x2
The 13-headed hydra completely misses you.
You block the 13-headed hydra's attack. x2
The 13-headed hydra completely misses you.
The 13-headed hydra closely misses you. The 13-headed hydra bites you!
* * * LOW HITPOINT WARNING * * *
The 13-headed hydra bites you.
* * * LOW HITPOINT WARNING * * *
The 13-headed hydra bites you but does no damage. x2
The 13-headed hydra barely misses you. The 13-headed hydra closely misses you.
The 13-headed hydra bites you but does no damage.
The 13-headed hydra bites you!
* * * LOW HITPOINT WARNING * * *
The swamp dragon barely misses you.
The swamp dragon claws you but does no damage.
The swamp dragon tramples you but does no damage.
You take 17 damage, and have 15/163 hp.
You feel much better.
You block the four-headed hydra's attack.
The four-headed hydra completely misses you.
You block the four-headed hydra's attack.
The four-headed hydra bites you but does no damage.
You block the 13-headed hydra's attack.
The 13-headed hydra bites you but does no damage.
You block the 13-headed hydra's attack.
The 13-headed hydra bites you but does no damage.
The 13-headed hydra bites you!
* * * LOW HITPOINT WARNING * * *
The 13-headed hydra bites you!
* * * LOW HITPOINT WARNING * * *
The 13-headed hydra barely misses you. The 13-headed hydra misses you.
The 13-headed hydra bites you but does no damage.
The 13-headed hydra bites you.
* * * LOW HITPOINT WARNING * * *
The 13-headed hydra closely misses you. The 13-headed hydra bites you.
* * * LOW HITPOINT WARNING * * *
The 13-headed hydra closely misses you. The swamp dragon bites you!
You die...

♣♣~.~~~~~~~.~.§.~♣♣~~~~.~§~.
♣♣.~~~~~~~~~...~~~~~~~~~.~§~.
♣~~~~~~..~~~~~~~~~§.§~~~.~~.~
♣♣.~.~~~.~~~~~~.~~~~~~~÷÷♣♣♣♣
♣♣...~~.....~§..~~~........♣
♣♣~.~..♣♣♣♣~..x.§~~.♣♣♣♣.~.♣
♣~~♣...♣♣♣♣♣k....~~.♣ ~~.~
♣♣♣♣♣~..~♣~)Dn~.♣♣♣♣♣ ~~.♣
♣♣~..§.@Df~♣♣ ~~~♣
♣♣♣♣♣♣.D.♣♣ ~~~. ♣§~..♣ .~..
♣♣♣♣♣♣ ♣♣♣♣


You could see a shambling mangrove, a bunyip, a 13-headed hydra, a four-headed
hydra, a swamp dragon, a bog body and a swamp drake.

Vanquished Creatures
  Jorgrun (Orc:2)
  Rupert (Lair:4)
  A thorn hunter (Swamp:3)
  Kirke (D:12)
  The ghost of Sarer the Severer, a journeyman MiBe of Trog (D:14)
  A fenstrider witch (Swamp:3)
  2 frost giants
  2 ghouls (Swamp:4)
  2 orc warlords (Orc:2)
  3 eleionomae
  4 bunyips
  A rakshasa (D:14)
  Erolcha (D:10)
  The ghost of DeathSocks the Zephyrmancer, a journeyman DrEE of Vehumet (D:11)
  25 hydras
  A vault guard (D:14)
  6 centaur warriors
  A merfolk avatar (Lair:5)
  4 boulder beetles
  2 two-headed ogres
  4 alligators
  3 tengu warriors
  A death knight (D:10)
  2 spriggan berserkers (Swamp:4)
  7 death yaks
  2 orc high priests (Orc:2)
  2 skysharks (Lair:4)
  A glowing orange brain (D:14)
  3 goliath frogs
  3 spriggan druids
  5 bog bodies
  5 swamp dragons
  An arcanist (D:15)
  An obsidian bat (Orc:1)
  A harpy (Lair:5)
  3 orc sorcerers
  4 orc knights (Orc:2)
  A deep elf pyromancer (D:11)
  A deep elf zephyrmancer (D:11)
  A necromancer (Lair:5)
  2 wolf spiders
  2 will-o-the-wisps (Swamp:2)
  3 cyclopes
  4 manticores
  26 ugly things
  An ice statue (IceCv)
  6 kobold blastminers
  19 elephants
  3 black mambas
  A gargoyle (D:10)
  9 cane toads
  2 unseen horrors
  Maggie (D:6)
  A kobold demonologist (D:11)
  11 komodo dragons
  3 rime drakes
  17 polar bears
  8 hornets
  2 bloated husks
  5 trolls
  5 tyrant leeches
  A wind drake (shapeshifter) (D:14)
  A wind drake (Lair:5)
  A jumping spider (shapeshifter) (D:15)
  15 blink frogs
  Prince Ribbit (D:7)
  A snapping turtle (Lair:5)
  2 culicivoras (Lair:3)
  10 spriggans
  6 slime creatures
  Sigmund (D:3)
  3 wraiths (D:11)
  64 yaks
  8 wyverns
  A vampire (D:10)
  5 wargs
  6 basilisks
  12 vampire mosquitoes
  3 death yak simulacra (Lair:5)
  5 hogs (D:12)
  Menkaure (D:7)
  3 steam dragons
  Duvessa (D:7)
  12 swamp worms
  A hydra simulacrum (Lair:5)
  17 water moccasins
  2 swamp drakes (Swamp:4)
  An ice beast (D:6)
  39 orc warriors
  6 black bears
  2 sky beasts (D:8)
  5 ogres
  A boggart (D:14)
  23 wolves
  8 centaurs
  A phantom (D:4)
  A kobold brigand (D:11)
  12 bullfrogs
  4 gnoll sergeants
  3 scorpions
  Dowan (D:7)
  5 elephant simulacra (Lair:5)
  4 killer bees
  2 electric eels (Lair:2)
  6 howler monkeys
  A bombardier beetle (D:6)
  5 hounds
  A jelly (D:6)
  Crazy Yiuf (D:7)
  16 orc priests
  A gnoll bouda (D:7)
  Terence (D:3)
  3 iguanas
  Natasha (thrice) (D:3)
  28 orc wizards
  3 hell rats (Lair:5)
  30 gnolls
  8 adders
  A shadow imp (D:8)
  12 white imps (Lair:1)
  2 hell rat simulacra (Lair:5)
  An ufetubus (D:6)
  A dart slug (D:2)
  2 ribbon worms (D:4)
  101 orcs
  10 bats
  8 endoplasms
  5 giant cockroaches
  9 goblins
  4 hobgoblins
  6 jackals
  16 kobolds
  4 quokkas
  6 ball pythons
  5 frilled lizards
  6 rats
850 creatures vanquished.

Vanquished Creatures (others)
  A rime drake (Lair:5)
  3 bloated husks
  2 humans (D:12)
  A howler monkey (D:11)
  An orc wizard (D:7)
  4 foxfires (Swamp:2)
12 creatures vanquished.

Grand Total: 862 creatures vanquished

Notes
Turn   | Place    | Note
-------+----------+-------------------------------------------
     0 | D:1      | jasper the Troll Fighter began the quest for the Orb.
     0 | D:1      | Reached XP level 1. HP: 22/22 MP: 0/0
   164 | D:1      | Reached XP level 2. HP: 29/29 MP: 1/1
   275 | D:1      | Reached skill level 3 in Unarmed Combat
  1045 | D:2      | Reached XP level 3. HP: 36/36 MP: 2/2
  1080 | D:2      | Found a faded altar of an unknown god.
  1088 | D:2      | Prayed at the altar of an unknown god.
  1088 | D:2      | Became a worshipper of Elyvilon the Healer
  1088 | D:2      | Reached * piety under Elyvilon
  1218 | D:2      | Found a blossoming altar of Fedhas.
  1218 | D:2      | Reached ** piety under Elyvilon
  1243 | D:2      | Reached skill level 4 in Unarmed Combat
  1264 | D:2      | Reached XP level 4. HP: 38/44 MP: 3/3
  1582 | D:3      | Noticed Sigmund
  1597 | D:3      | Reached skill level 5 in Unarmed Combat
  1600 | D:3      | Killed Sigmund
  1601 | D:3      | Reached skill level 6 in Unarmed Combat
  1601 | D:3      | Reached XP level 5. HP: 20/50 MP: 4/4
  1607 | D:3      | Reached XP level 6. HP: 31/59 MP: 5/5
  1692 | D:3      | Noticed Terence
  1702 | D:3      | Killed Terence
  1781 | D:3      | Reached skill level 7 in Unarmed Combat
  1793 | D:3      | Noticed Natasha
  1797 | D:3      | Killed Natasha
  2059 | D:3      | Noticed Natasha
  2063 | D:3      | Killed Natasha
  2086 | D:3      | Noticed Natasha
  2095 | D:3      | Killed Natasha
  2125 | D:4      | Reached *** piety under Elyvilon
  2182 | D:4      | Reached XP level 7. HP: 66/66 MP: 6/6
  2297 | D:4      | Reached skill level 8 in Unarmed Combat
  2427 | D:4      | Found a glowing golden altar of the Shining One.
  2429 | D:4      | Noticed an angel
  2440 | D:4      | Found a basalt altar of Yredelemnul.
  2442 | D:4      | Noticed a profane servitor
  2522 | D:4      | Identified the ring "Osifa" {rN+ Will+ MP+9 Int+3}
  2944 | D:5      | Entered Level 5 of the Dungeon
  2944 | D:5      | Reached **** piety under Elyvilon
  2954 | D:5      | Reached skill level 9 in Unarmed Combat
  3072 | D:5      | Found a staircase to the Ecumenical Temple.
  3085 | Temple   | Entered the Ecumenical Temple
  3156 | Temple   | Fell from the grace of Elyvilon
  3156 | Temple   | Became a worshipper of the Wu Jian Council
  3253 | D:5      | Reached skill level 10 in Unarmed Combat
  4024 | D:6      | Noticed Maggie
  4036 | D:6      | Reached skill level 11 in Unarmed Combat
  4036 | D:6      | Reached XP level 8. HP: 48/74 MP: 7/7
  4046 | D:6      | Killed Maggie
  4047 | D:6      | Reached skill level 12 in Unarmed Combat
  4222 | D:6      | Reached skill level 13 in Unarmed Combat
  4316 | D:6      | Reached skill level 14 in Unarmed Combat
  4583 | D:6      | Reached XP level 9. HP: 26/80 MP: 8/8
  4757 | D:7      | Reached * piety under Wu Jian
  4779 | D:7      | Noticed Menkaure
  4784 | D:7      | Killed Menkaure
  4863 | D:7      | Noticed Prince Ribbit
  4869 | D:7      | Killed Prince Ribbit
  4870 | D:7      | Reached skill level 5 in Dodging
  5035 | D:7      | Noticed Duvessa
  5038 | D:7      | Noticed Dowan
  5047 | D:7      | Killed Duvessa
  5055 | D:7      | Killed Dowan
  5239 | D:7      | Found a runed translucent door.
  5240 | D:7      | Noticed Crazy Yiuf
  5252 | D:7      | Killed Crazy Yiuf
  5711 | D:8      | Reached ** piety under Wu Jian
  5712 | D:8      | Reached XP level 10. HP: 81/88 MP: 9/9
  6017 | D:9      | Noticed an elephant
  6017 | D:9      | Found a staircase to the Lair.
  6025 | D:9      | Found a staircase to the Orcish Mines.
  6237 | D:9      | Found a glowing silver altar of Zin.
  6237 | D:9      | Found a sacrificial altar of Ru.
  6248 | D:9      | Found a bloodstained altar of Trog.
  6289 | D:9      | Noticed a green ugly thing
  6299 | D:9      | Killed a green ugly thing
  6339 | D:9      | Found a flagged portal.
  6372 | Bailey   | Entered a bailey
  6456 | Bailey   | Reached *** piety under Wu Jian
  6781 | D:9      | Killed an elephant
  6884 | D:9      | Reached XP level 11. HP: 94/94 MP: 10/10
  6992 | D:10     | Entered Level 10 of the Dungeon
  7055 | D:10     | Reached skill level 10 in Dodging
  7089 | D:10     | Noticed a death knight
  7100 | D:10     | Killed a death knight
  7281 | D:10     | Noticed Erolcha
  7289 | D:10     | Killed Erolcha
  7418 | D:10     | Found a portal to a secret trove of treasure.
  7689 | D:10     | Noticed a two-headed ogre
  7711 | D:10     | Killed a two-headed ogre
  7712 | D:10     | Reached XP level 12. HP: 72/106 MP: 11/11
  8043 | D:11     | Noticed a boulder beetle
  8044 | D:11     | Noticed a centaur warrior
  8044 | D:11     | Noticed DeathSocks's ghost (journeyman DrEE)
  8045 | D:11     | Found a transporter.
  8059 | D:11     | Found a transporter.
  8122 | D:11     | Found the amulet of the Four Winds {rN+ Will+++ Clar}
  8126 | D:11     | Found a large runed translucent door.
  8126 | D:11     | Noticed a centaur warrior
  8127 | D:11     | Found a large runed translucent door.
  8127 | D:11     | Found a large runed translucent door.
  8195 | D:11     | Found a large runed translucent door.
  8230 | D:11     | Killed a centaur warrior
  8231 | D:11     | Reached skill level 15 in Unarmed Combat
  8237 | D:11     | Identified the +6 quick blade of Puerubb {flame, rN+ Int+3}
  8267 | D:11     | Noticed a boulder beetle
  8286 | D:11     | Noticed a boulder beetle
  8295 | D:11     | Killed a boulder beetle
  8310 | D:11     | Killed a boulder beetle
  8751 | D:11     | Noticed a centaur warrior
  8759 | D:11     | Killed a centaur warrior
  8857 | D:11     | Reached skill level 10 in Shields
  8910 | D:11     | Reached **** piety under Wu Jian
  9122 | Lair:1   | Entered Level 1 of the Lair of Beasts
  9171 | Lair:1   | Reached skill level 5 in Fighting
  9394 | Lair:1   | Reached skill level 16 in Unarmed Combat
  9446 | Lair:1   | Found a frozen archway.
  9494 | IceCv    | Entered an ice cave
  9681 | IceCv    | Reached ***** piety under Wu Jian
  9682 | IceCv    | Reached XP level 13. HP: 90/120 MP: 12/12
  9817 | IceCv    | Noticed a frost giant
  9837 | IceCv    | Killed a frost giant
  9956 | IceCv    | Identified the staff "Rasexeg" {rN+ SInv Hexes Necro}
 10078 | IceCv    | Reached skill level 17 in Unarmed Combat
 10884 | Lair:2   | Found a shimmering blue altar of Sif Muna.
 11034 | Lair:2   | You fall into a shaft and drop 1 floor!
 11595 | Lair:3   | Found a hole to the Spider Nest.
 11894 | Lair:3   | Reached skill level 18 in Unarmed Combat
 12027 | Lair:4   | Reached XP level 14. HP: 133/133 MP: 13/13
 12397 | Lair:4   | Noticed Rupert
 12404 | Lair:4   | Killed Rupert
 12884 | Lair:5   | Entered Level 5 of the Lair of Beasts
 13096 | Lair:5   | Got an earthy gem with 564 turns to spare
 13099 | Lair:5   | Identified the +10 giant spiked club "Celezenk" {flame,
                  | rCorr Dex+5}
 13183 | Lair:5   | Identified the +0 ring mail of Kindness {Will+}
 13315 | Lair:5   | Found a viscous altar of Jiyva.
 13315 | Lair:5   | Found a staircase to the Slime Pits.
 13541 | Lair:5   | Reached skill level 19 in Unarmed Combat
 13719 | Lair:5   | Found a runed translucent door.
 13720 | Lair:5   | Noticed adelrune's ghost (journeyman SpEn)
 13840 | Lair:5   | Reached ****** piety under Wu Jian
 14212 | Lair:2   | Found a staircase to the Swamp.
 14650 | Orc:1    | Entered Level 1 of the Orcish Mines
 14766 | Orc:1    | Reached XP level 15. HP: 79/146 MP: 14/14
 14784 | Orc:2    | Entered Level 2 of the Orcish Mines
 14784 | Orc:2    | Noticed Jorgrun
 14784 | Orc:2    | Found a staircase to the Elven Halls.
 14786 | Orc:2    | Killed Jorgrun
 14843 | Orc:2    | Found a roughly hewn altar of Beogh.
 14984 | Orc:2    | Found Minoitt's Book Shoppe.
 14984 | Orc:2    | Found a roughly hewn altar of Beogh.
 15021 | Orc:2    | Found a flickering gateway to a bazaar.
 15030 | Bazaar   | Entered a bazaar
 15049 | Bazaar   | Found Hipnuocs's Antique Armour Emporium.
 15049 | Bazaar   | Found Plog's Distillery.
 15054 | Bazaar   | Bought an embroidered cloak for 240 gold pieces
 15071 | Bazaar   | Bought a potion of curing for 36 gold pieces
 15071 | Bazaar   | Bought a potion of resistance for 120 gold pieces
 15071 | Bazaar   | Bought a potion of haste for 120 gold pieces
 15071 | Bazaar   | Bought a potion of mutation for 96 gold pieces
 15071 | Bazaar   | Bought a potion of attraction for 36 gold pieces
 15071 | Bazaar   | Bought a potion of might for 48 gold pieces
 15081 | Bazaar   | Found Heug Jol's General Store.
 15097 | Bazaar   | Found Siaggail's Weapon Emporium.
 15097 | Bazaar   | Found Fiocrirgh's Antique Weapon Shoppe.
 15286 | Orc:2    | Found a roughly hewn altar of Beogh.
 15287 | Orc:2    | Found Efehuo's Distillery.
 15309 | Orc:2    | Bought a potion of ambrosia for 104 gold pieces
 15309 | Orc:2    | Bought a potion of cancellation for 104 gold pieces
 15309 | Orc:2    | Bought a potion of heal wounds for 65 gold pieces
 15309 | Orc:2    | Bought a potion of heal wounds for 65 gold pieces
 15309 | Orc:2    | Bought a potion of lignification for 39 gold pieces
 15309 | Orc:2    | Bought a potion of brilliance for 52 gold pieces
 15309 | Orc:2    | Bought 2 potions of curing for 78 gold pieces
 15309 | Orc:2    | Bought a potion of curing for 39 gold pieces
 15309 | Orc:2    | Bought a potion of mutation for 104 gold pieces
 15451 | Orc:2    | Found Kahych's Antique Armour Boutique.
 15451 | Orc:2    | Found a roughly hewn altar of Beogh.
 15454 | Orc:2    | Found Loitat's Antique Weapon Shop.
 15529 | Orc:2    | Reached skill level 20 in Unarmed Combat
 15578 | Orc:2    | Found a roughly hewn altar of Beogh.
 15681 | Orc:2    | Found a roughly hewn altar of Beogh.
 16154 | D:12     | Noticed Kirke
 16163 | D:12     | Noticed a sphinx
 16179 | D:12     | Killed Kirke
 16468 | D:12     | Found a runed translucent gate.
 16468 | D:12     | Found a runed translucent gate.
 16468 | D:12     | Found an iron altar of Okawaru.
 16468 | D:12     | Found a runed translucent gate.
 16468 | D:12     | Noticed Daunt's ghost (journeyman CoEE)
 17603 | D:14     | Found a shadowy altar of Dithmenos.
 17619 | D:14     | Reached skill level 10 in Fighting
 17701 | D:14     | Found a runed translucent door.
 17709 | D:14     | Found a gate to the Vaults.
 17750 | D:14     | Identified the +6 trident "Dies" {venom, rPois rCorr}
 17789 | D:14     | You fall into a shaft and drop 1 floor!
 17789 | D:15     | Entered Level 15 of the Dungeon
 17835 | D:15     | Found a flickering gateway to a bazaar.
 17873 | Bazaar   | Entered a bazaar
 17873 | Bazaar   | Found Ekke Lujo's Antique Weapon Shop.
 17873 | Bazaar   | Found Famezxiv's General Store.
 17880 | Bazaar   | Bought a scroll of teleportation for 33 gold pieces
 17880 | Bazaar   | Bought a potion of curing for 33 gold pieces
 17898 | Bazaar   | Found Inuo's Antique Armour Shop.
 18049 | D:15     | Found Esid's General Store.
 18064 | D:15     | Found Ocehug's Specific Store.
 18197 | D:15     | Found a staircase to the Depths.
 18197 | D:15     | Noticed a frost giant
 18203 | D:15     | Killed a frost giant
 18204 | D:15     | Reached XP level 16. HP: 92/158 MP: 15/15
 18733 | D:14     | Reached skill level 21 in Unarmed Combat
 19085 | D:14     | Identified the +9 sling "jasper's Bane" {heavy, Int+4}
 19086 | D:14     | Noticed Sarer's ghost (journeyman MiBe)
 19103 | D:14     | Killed Sarer's ghost
 19238 | D:11     | Killed DeathSocks's ghost
 19408 | Swamp:1  | Entered Level 1 of the Swamp
 20648 | Swamp:3  | Noticed a thorn hunter
 20657 | Swamp:3  | Killed a thorn hunter
 21157 | Swamp:4  | Entered Level 4 of the Swamp
 21259 | Swamp:4  | Reached skill level 22 in Unarmed Combat
 21897 | Swamp:4  | Slain by a swamp dragon

Illustrated notes

Levels and vault maps discovered:
D:1:      psy_arrival_wood_between_worlds, layout_basic, roderic_roman_lattice,
          grunt_decor_resistance
D:2:      layout_basic, basic_altar, ebering_ecumenical_altar_sacrificial
D:3:      layout_rooms, uniq_sigmund, uniq_terence, uniq_natasha
D:4:      layout_cave_pools, grunt_temple_overflow_holy_war, serial_library,
          serial_library_hellmonk_recessed_alcove,
          serial_library_hellmonk_h_bend, serial_library_hellmonk_open_square,
          serial_library_hellmonk_small_alcove, serial_library_hellmonk_room_b,
          serial_library_hellmonk_metal_room,
          serial_library_regret_index_branch_corner,
          serial_library_hellmonk_small_corner,
          serial_library_hellmonk_angled_corner, serial_library_hellmonk_room_b,
          serial_library_hellmonk_layered_room, grunt_decor_clamped
D:5:      layout_basic, minmay_temple_entry_hall
D:6:      layout_basic, minmay_misc_feat_more_columns,
          minmay_increasing_density, uniq_maggie
D:7:      layout_cave_pools, uniq_duvessa, uniq_crazy_yiuf_cottage,
          uniq_menkaure, uniq_prince_ribbit1
D:8:      layout_loops_cross
D:9:      layout_rooms, minitemple, david_lair_generic, orc_0_dummy,
          enter_bailey_3
D:10:     layout_basic, enter_trove_2, uniq_erolcha
D:11:     layout_grid_maze, gammafunk_ghost_arena, grunt_decor_arrowhead,
          grunt_decor_cap, minmay_hollow_rounded_squares
D:12:     layout_rooms, gammafunk_ghost_fury_of_okawaru, uniq_kirke
D:13:     layout_stronghold
D:14:     layout_irregular_city, hellmonk_vaults_order_and_chaos,
          ebering_ghost_funeral_grove, nrook_uturn,
          nicolae_dithmenos_shadow_blocks
D:15:     grunt_enter_depths_snipers, layout_rooms, serial_shops,
          bzr_entry_dummy, hangedman_glass_teeth, nicolae_specific_store
Temple:   minmay_temple_bridge_d
Lair:1:   layout_regular_city, portal_ice_cave_entry_imps, grunt_megastairs_2,
          infiniplex_staircase_pool
Lair:2:   layout_concentric_octagons, nicolae_swamp_entry_splash_gauntlet,
          basic_altar, serial_bayou_shore_a
Lair:3:   layout_long_grid, hellmonk_spider_entry_life_and_decay
Lair:4:   layout_cave_pods, uniq_rupert
Lair:5:   gammafunk_lair_ancient_temple, layout_regular_city, slime_entry_1,
          ebering_ghost_reflecting_pool, eino_house_with_fridge
Swamp:1:  layout_basic_swamp, hangedman_swamp_ruin_wall
Swamp:2:  layout_basic_swamp, evilmike_swamp_ruin_house_2
Swamp:3:  layout_basic_swamp, serial_swamp_ruin, evilmike_swamp_ruin_house_3,
          evilmike_swamp_ruin_rubble_2, evilmike_swamp_ruin_house_4
Swamp:4:  swamp_basic_johnstein, layout_basic_swamp
Orc:1:    layout_caves
Orc:2:    grunt_orc_community_town_hall, layout_diamond_mine,
          grunt_orc_community_big_house_1, grunt_orc_community_big_house_2,
          grunt_orc_community_house_3, grunt_orc_community_house_1,
          grunt_orc_community_house_3, grunt_orc_community_house_2,
          serial_shops, bzr_entry_islet, statue_in_the_mist_lemuel, uniq_jorgrun

Skill      XL: |  1  2  3  4  5  6  7  8  9 10 11 12 13 14 15 16 |
---------------+-------------------------------------------------+-----
Unarmed Combat | 3 4 6 7 11 14 16 18 19 20 22 | 22.2
Dodging        | 3 7 9 10 | 10.0
Shields        | 8 9 10 11 12 13 14 | 14.7
Fighting       | 3 5 7 9 10 11 | 11.4

Action                     |  1- 3 |  4- 6 |  7- 9 | 10-12 | 13-15 | 16-18 || total
---------------------------+-------+-------+-------+-------+-------+-------++-------
  Melee: Unarmed           |   105 |   115 |   254 |   557 |  1389 |   389 ||  2809
  Throw: Stone             |       |     1 |     4 |       |     4 |       ||     9
 Invoke: Serpent's Lash    |       |       |       |       |    11 |     2 ||    13
         Heavenly Storm    |       |       |       |       |     2 |     2 ||     4
Ability: Lunge             |       |       |    24 |    51 |   123 |    25 ||   223
         Whirlwind         |       |       |    29 |   157 |   516 |    92 ||   794
         Wall Jump         |       |       |       |       |     6 |     3 ||     9
  Evoke: Lightning rod     |       |       |       |       |     8 |     3 ||    11
         Wand              |       |       |       |       |     6 |       ||     6
         Phial of floods   |       |       |       |       |     1 |       ||     1
         Tin of tremorston |       |       |       |       |       |     2 ||     2
    Use: Scroll            |     4 |     3 |    10 |     9 |    10 |     1 ||    37
         Potion            |       |     1 |     4 |     1 |     4 |     4 ||    14
   Stab: Sleeping          |       |     1 |       |       |       |       ||     1
         Invisible         |       |       |       |       |     2 |       ||     2
 Armour: Robe              |    67 |    64 |    84 |       |       |       ||   215
         Acid dragon scale |       |       |   107 |    91 |   262 |       ||   460
         Fire dragon scale |       |       |       |   128 |       |       ||   128
         Pearl dragon scal |       |       |       |       |   256 |    72 ||   328
         Swamp dragon scal |       |       |       |       |       |   201 ||   201
  Dodge: Dodged            |    39 |    38 |    59 |   112 |   254 |   191 ||   693
  Block: Kite shield       |    40 |    33 |    72 |    43 |       |       ||   188
         Tower shield      |       |       |       |   314 |   850 |   367 ||  1531
         Reflection        |       |       |       |     1 |       |       ||     1

Table legend: (Time is in decaauts)
 A = Elapsed time spent in this place.
 B = Non-inter-level travel time spent in this place.
 C = Inter-level travel time spent in this place.
 D = Time resting spent in this place.
 E = Time spent auto-exploring this place.
 F = Levels seen in this place.
 G = Mean time per level.
                   A        B        C        D        E       F      G
               +--------+--------+--------+--------+--------+-----+--------+
         Total |  21676 |  20492 |   1184 |    917 |  14900 |  31 |  699.2 |
       Dungeon |  11831 |  11279 |    552 |    413 |   8493 |  15 |  788.7 |
        Temple |    142 |      2 |    140 |      0 |      0 |   1 |  142.0 |
          Lair |   4766 |   4447 |    319 |    118 |   3312 |   5 |  953.2 |
         Swamp |   2447 |   2403 |     44 |    386 |   1484 |   4 |  611.8 |
  Orcish Mines |   1296 |   1168 |    128 |      0 |    853 |   2 |  648.0 |
        Bazaar |    161 |    161 |      0 |      0 |    139 |   2 |   80.5 |
        Bailey |    313 |    313 |      0 |      0 |    175 |   1 |  313.0 |
      Ice Cave |    716 |    716 |      0 |      0 |    444 |   1 |  716.0 |
               +--------+--------+--------+--------+--------+-----+--------+

Top non-repeatable levels by time:
    D:11: 1194 daAuts
 Swamp:3: 1112 daAuts
    D:10: 1087 daAuts
  Lair:5: 1065 daAuts
  Lair:1: 1045 daAuts
     D:1: 1022 daAuts
  Lair:3: 994 daAuts
    D:13: 936 daAuts
    D:14: 929 daAuts
   Orc:2: 919 daAuts
  Lair:4: 890 daAuts
     D:4: 881 daAuts
     D:5: 849 daAuts
  Lair:2: 770 daAuts
     D:6: 750 daAuts
